 Dungeon Crawl Stone Soup version 0.28.0-49-g6dfe1f597d (webtiles) character file.

Game seed: 398199378743388448

637 acdeimund the Cleaver (level 7, -2/61 HPs)
             Began as a Deep Dwarf Fighter on May 13, 2022.
             Slain by an ogre
             ... wielding a +0 giant club
              (10 damage)
             ... on level 2 of the Dungeon.
             The game lasted 00:08:43 (2415 turns).

acdeimund the Cleaver (Deep Dwarf Fighter)          Turns: 2415, Time: 00:08:44

Health: -2/61      AC:  6    Str: 22    XL:     7   Next: 25%
Magic:  5/5        EV:  9    Int:  8    God:
Gold:   190        SH:  0    Dex: 12    Spells: 6/6 levels left

rFire   . . .      SeeInvis .   a - +0 war axe
rCold   . . .      Faith    .   (no shield)
rNeg    . . .      Spirit   .   b - +0 scale mail
rPois   .          Reflect  .   (no helmet)
rElec   .          Harm     .   (no cloak)
rCorr   .          Rampage  .   (no gloves)
Will    +....                   (no boots)
Stlth   ..........              (no amulet)
HPRegen 0.00/turn               (no ring)
MPRegen 0.09/turn               (no ring)

@: no status effects
A: damage resistance, heal wounds, sense surroundings 1, no regeneration
a: Heal Wounds


You were on level 2 of the Dungeon.
You visited 1 branch of the dungeon, and saw 3 of its levels.

You collected 190 gold pieces.

Inventory:

Hand Weapons
 a - a +0 war axe (weapon)
Missiles
 h - 389 stones
 j - 25 poisoned darts
Armour
 b - a +0 scale mail (worn)
 c - a +0 buckler
Scrolls
 e - 2 scrolls of teleportation {unknown}
 f - a scroll of amnesia
 i - a scroll of fear {unknown}
 k - a scroll of identify
Potions
 d - a potion of might
 g - a potion of curing


   Skills:
 - Level 2.6 Fighting
 + Level 9.0 Axes
 - Level 3.2 Armour
 - Level 3.2 Shields


You had 6 spell levels left.
You didn't know any spells.
Your spell library was empty.

Dungeon Overview and Level Annotations

Branches:
Dungeon (3/15)

Altars:
Ashenzari
Ru
Sif Muna
Vehumet

Annotations:
D:3 exclusion: statue


Innate Abilities, Weirdness & Mutations

You are resistant to damage.
You can heal yourself by infusing magical energy.
You passively map a small area around you.
You do not regenerate.


Message History

You slash the kobold!
You kill the kobold!
The adder bites you.
You barely miss the adder.
The adder is heavily wounded.
The adder bites you but does no damage. The adder bites you.
You are poisoned.
The adder poisons you!
You miss the adder.
The adder is moderately wounded.
You slash the hobgoblin!
You kill the hobgoblin!
The adder barely misses you.
You slash the adder!
You kill the adder!
Your Axes skill increases to level 9!
Things that are here:
a +0 short sword; 4 stones; a rat corpse The ogre hits you with a +0 giant club!
You slash the ogre!
The ogre is moderately wounded.
You are no longer poisoned.
The ogre hits you with a +0 giant club!!
You hit the ogre.
The ogre is moderately wounded.
The ogre hits you with a +0 giant club!!
* * * LOW HITPOINT WARNING * * *
You barely miss the ogre.
The ogre is moderately wounded.
You hit the ogre.
The ogre is moderately wounded.
The ogre hits you with a +0 giant club.
* * * LOW HITPOINT WARNING * * *
You hit the ogre but do no damage.
The ogre is moderately wounded.
The ogre barely misses you.
You hit the ogre.
The ogre is heavily wounded.
The ogre hits you with a +0 giant club!
You die...

#### * #...# , **
#####..... , # ,
......... ##., ,
.......>.,
#..#####........ ,
#...............
#....#..)#, , , , * *
##....O@).#,,.$ * ,
......#$#.#,#.#. , .
.(........#.....
......#.....#...# , ,
....###.........., .. *
...#....†##...#####...
,,..........#...........
..##....#..##...#...#,
*#....##..#.....[.#


You could see an ogre.

Vanquished Creatures
  5 kobold brigands (D:3)
  14 gnolls (D:3)
  5 adders
  2 dart slugs (D:1)
  4 orcs (D:3)
  7 ball pythons
  3 endoplasms
  A giant cockroach (D:1)
  5 goblins
  10 hobgoblins
  3 quokkas
  6 bats
  5 frilled lizards
  42 kobolds
  8 rats
120 creatures vanquished.

Notes
Turn   | Place    | Note
-------+----------+-------------------------------------------
     0 | D:1      | acdeimund the Deep Dwarf Fighter began the quest for the
                  | Orb.
     0 | D:1      | Reached XP level 1. HP: 20/20 MP: 1/1
    57 | D:1      | Reached skill level 3 in Axes
    57 | D:1      | Reached XP level 2. HP: 25/27 MP: 2/2
   529 | D:1      | Reached XP level 3. HP: 26/33 MP: 3/3
   561 | D:1      | Reached skill level 4 in Axes
   586 | D:1      | Found a faded altar of an unknown god.
   751 | D:2      | Noticed an ogre
   944 | D:3      | Found a broken altar of Ashenzari.
   973 | D:3      | Found a sacrificial altar of Ru.
  1147 | D:3      | Found a radiant altar of Vehumet.
  1147 | D:3      | Noticed a charred statue
  1240 | D:3      | Reached XP level 4. HP: 26/39 MP: 4/4
  1495 | D:3      | Noticed a kobold brigand
  1544 | D:3      | Killed a kobold brigand
  1545 | D:3      | Reached skill level 5 in Axes
  1545 | D:3      | Reached XP level 5. HP: 8/46 MP: 5/5
  1578 | D:3      | Found a shimmering blue altar of Sif Muna.
  1674 | D:3      | Reached skill level 6 in Axes
  1719 | D:3      | HP: 1/46 [gnoll/+0 club (3)]
  1749 | D:3      | Reached skill level 7 in Axes
  1749 | D:3      | Reached XP level 6. HP: 39/55 MP: 5/5
  1809 | D:3      | Reached skill level 8 in Axes
  1921 | D:3      | Reached XP level 7. HP: 50/61 MP: 6/6
  2407 | D:2      | Reached skill level 9 in Axes
  2415 | D:2      | Slain by an ogre

Illustrated notes

Levels and vault maps discovered:
D:1:      elethiomel_arrival_infinity_welcomes_careful_drivers, layout_basic,
          ebering_ecumenical_altar_rust
D:2:      layout_rooms, basic_altar, hangedman_decor_opposing,
          hangedman_decor_lopped
D:3:      minmay_goblin_kobold_castle, layout_loops_ring, lemuel_blue_sif_altar,
          evilmike_ruin_ashenzari, vehumet_statue, nicolae_ru_awakened_eye,
          patterned_corridor

Skill      XL: |  1  2  3  4  5  6  7 |
---------------+----------------------+-----
Axes           | 3 4 5 7 8 9 |  9.0
Fighting       | |  2.6
Armour         | |  3.2
Shields        | |  3.2

Action                   |  1- 3 |  4- 6 |  7- 9 || total
-------------------------+-------+-------+-------++-------
Melee: War axe           |   135 |   118 |    84 ||   337
       Punch             |     1 |     1 |       ||     2
 Abil: Heal Wounds       |       |     5 |     3 ||     8
  Use: Scroll            |     2 |       |       ||     2
Armor: Scale mail        |    79 |    39 |    32 ||   150
Dodge: Dodged            |    77 |    59 |    34 ||   170
Block: Buckler           |     3 |       |       ||     3
